 Dungeon Crawl Stone Soup version 0.17.2 (webtiles) character file.

56 ololoev the Slasher (level 3, -1/29 HPs)
             Began as a Mummy Chaos Knight on May 30, 2016.
             Slain by a shadow imp (2 damage)
             ... on level 4 of the Dungeon.
             The game lasted 00:02:54 (1863 turns).

ololoev the Slasher (Mummy Chaos Knight)            Turns: 1863, Time: 00:02:54

Health: -1/29      AC:  6    Str: 16    XL:     3   Next: 69%
Magic:  3/3        EV: 11    Int: 11    God:    Xom [...*..]
Gold:   79         SH:  0    Dex: 11    Spells: 0 memorised, 2 levels left

rFire  x . .     SeeInvis .     a - +0 falchion (chaos)
rCold  + . .     Clarity  .     b - +2 leather armour
rNeg   + + +     SustAt   .     (no shield)
rPois  ∞         Gourm    .     (no helmet)
rElec  .         Spirit   .     k - +0 cloak (curse)
rCorr  .         Warding  .     (no gloves)
rMut   .         Stasis   .     (no boots)
MR     .....                    (no amulet)
Stlth  +.........               (no ring)
                                (no ring)

@: not resistant to hostile enchantments, very unstealthy
A: no food or potions, fire vulnerability, cold resistance 1, negative energy
resistance 3, torment resistance, unbreathing
a: Renounce Religion


Innate Abilities, Weirdness & Mutations

You do not eat or drink.
Your flesh is vulnerable to fire.
You are immune to poison.
Your flesh is cold resistant.
You are immune to negative energy.
You are immune to unholy pain and torment.
You can survive without breathing.

Inventory:

Hand Weapons
 a - a +0 falchion of chaos (weapon)
Armour
 b - a +2 leather armour (worn)
 k - a cursed +0 cloak (worn)
Wands
 j - a wand of polymorph (1)
Scrolls
 c - 3 scrolls of remove curse {unknown}
 d - a scroll of amnesia {unknown}
 e - 3 scrolls of identify {unknown}
 f - a scroll of noise {unknown}
 g - a scroll of teleportation {unknown}
 h - a scroll of blinking {unknown}
 i - a scroll of enchant armour {unknown}


   Skills:
 - Level 3.0 Fighting
 * Level 3.4 Long Blades
 + Level 2.2 Armour
 - Level 0.7 Dodging


You had 2 spell levels left.
You didn't know any spells.


You were on level 4 of the Dungeon.
You worshipped Xom.
You were a favourite toy of Xom.
You were not hungry.

You visited 1 branch of the dungeon, and saw 4 of its levels.

You collected 79 gold pieces.

### ### #
#.......
#.♣.♣.♣.#
#a......#
#@5.....+
#.......#
#$♣.♣.♣.#
#.......
### ### #

Notes
Turn   | Place    | Note
--------------------------------------------------------------
     0 | D:1      | ololoev the Mummy Chaos Knight began the quest for the Orb.
     0 | D:1      | Reached XP level 1. HP: 18/18 MP: 1/1
    98 | D:1      | XOM: harmless Erth miscast
   361 | D:1      | Reached XP level 2. HP: 24/24 MP: 2/2
   685 | D:1      | XOM: divination: detect creatures
   823 | D:2      | XOM: mild Fire miscast
  1136 | D:2      | XOM: harmless Divn miscast
  1201 | D:2      | Reached XP level 3. HP: 27/29 MP: 3/3
  1405 | D:2      | XOM: god gift: 42 gold pieces
  1419 | D:2      | XOM: noise
  1587 | D:3      | Found a bloodstained altar of Trog.
  1665 | D:3      | XOM: divination: detect creatures
  1849 | D:3      | Noticed a giant frog
  1849 | D:3      | an orc priest changed into a giant frog
  1863 | D:4      | HP: 1/29 [worker ant (3)]
  1863 | D:4      | Slain by a shadow imp

Dungeon Overview and Level Annotations

Branches:
Dungeon (4/15)
 Temple: D:4-7

Altars:
Trog


Message History

The giant cockroach bites you but does no damage.
The gnoll shouts!
The worker ant bites you but does no damage.
The adder bites you but does no damage. The gnoll closely misses you.
There is a stone staircase leading down here.
The worker ant bites you.
You climb downwards.
A shadow imp comes into view.
Found 15 gold pieces.
There is a stone staircase leading up here.
You closely miss the worker ant. The worker ant closely misses you.
The worker ant bites you. The shadow imp gestures at you.
You are unaffected.
You hit the worker ant. You freeze the worker ant.
The worker ant is moderately wounded.
The worker ant closely misses you.
You hit the worker ant. You burn the worker ant.
The worker ant is moderately wounded.
The worker ant bites you. The shadow imp gestures at you.
You barely resist. You closely miss the worker ant.
The worker ant is moderately wounded.
The worker ant bites you. x2
You closely miss the worker ant.
The worker ant is moderately wounded.
The shadow imp closely misses you.
The worker ant bites you but does no damage.
You hit the worker ant.
The worker ant goes berserk!
Xom is highly amused!
The worker ant is heavily wounded.
The worker ant bites you.
The shadow imp hits you but does no damage.
The worker ant barely misses you.
You hit the worker ant. You burn the worker ant.
The worker ant is severely wounded.
The worker ant bites you. The shadow imp hits you.
You die...
Xom howls with laughter!

You could see a worker ant (berserk) and a shadow imp.

Vanquished Creatures
  An adder (D:3)
  An ooze (D:1)
  A worm (D:2)
  A giant gecko (D:3)
  A ball python (D:1)
  3 hobgoblins
  6 kobolds
  3 quokkas
  6 bats
  A giant newt (D:3)
  3 goblins (D:2)
  3 jackals (D:2)
  9 rats
39 creatures vanquished.

Action                   || total
-------------------------++-------
Melee: Falchion          ||   141
Evoke: Wand              ||     4
 Stab: Sleeping          ||     1

Vault maps used:
D:1:      lightli_arrival_noodles
D:2:      eino_tiny_chamber, serial_bayou_crossing
D:3:      old_standard_altar, lemuel_doored_altar, minmay_lizard_king
D:4:      first_bread, grunt_ministairs_3
